 Dungeon Crawl Stone Soup version 0.31-a0-222-gefeffbb62a (webtiles) character file.

Game seed: 11536428020696940528

482 qw the Shooter (level 6, -1/52 HPs)
             Began as a Minotaur Hexslinger on July 5, 2023.
             Slain by an ogre
             ... wielding a +0 giant spiked club
              (13 damage)
             ... on level 4 of the Dungeon.
             The game lasted 00:01:29 (3021 turns).

qw the Shooter (Minotaur Hexslinger)                Turns: 3021, Time: 00:01:29

Health: -1/52      AC:  8    Str: 12    XL:     6   Next: 87%
Magic:  0/6        EV: 16    Int:  5    God:
Gold:   176        SH:  0    Dex: 19    Spells: 6/7 levels left

rFire   . . .        Y - +1 sling (drain)
rCold   . . .        (no shield)
rNeg    . . .        i - +3 ring mail of Death Resistance {Int-5 Dex+4}
rPois   +            (helmet restricted)
rElec   .            (no cloak)
rCorr   .            (no gloves)
SInv    .            (no boots)
Will    .....        f - amulet of guardian spirit
Stlth   +            c - +5 ring of evasion
HPRegen 0.28/turn    l - ring of poison resistance
MPRegen 0.10/turn

%: guardian spirit
@: about to teleport
A: horns 2, retaliatory headbutt
a: no special abilities


You were on level 4 of the Dungeon.
You visited 1 branch of the dungeon, and saw 4 of its levels.
You also visited: Sewer.

You collected 176 gold pieces.


Innate Abilities, Weirdness & Mutations

You have a pair of horns on your head.
You reflexively headbutt those who attack you in melee.


   Skills:
 - Level 4.1 Fighting
 + Level 7.2 Ranged Weapons
 - Level 1.0 Armour
 - Level 2.1 Dodging
 - Level 1.0 Spellcasting
 - Level 2.0 Hexes


You had 6 spell levels left.
You knew the following spells:

 Your Spells              Type           Power      Damage    Failure   Level
a - Slow                  Hex            8%         N/A       43%         1

Your spell library contained the following spells:

 Spells                   Type           Power      Damage    Failure   Level
 Inner Flame              Hex/Fire       1%         N/A       91%         3
 Portal Projectile        Hex/Tloc       2%         N/A       91%         3
 Cause Fear               Hex            1%         N/A       99%         4

Inventory:

Hand Weapons
 Y - a +1 sling of draining (weapon)
Armour
 i - the +3 ring mail of Death Resistance (worn) {Int-5 Dex+4}
   (You found it on level 3 of the Dungeon)

   Int:       It affects your intelligence (-5).
   Dex:       It affects your dexterity (+4).
Jewellery
 c - a +5 ring of evasion (left hand)
 e - a ring of willpower
 f - an amulet of guardian spirit (around neck)
 l - a ring of poison resistance (right hand)
Scrolls
 g - a scroll of identify
Potions
 a - a potion of mutation
 d - a potion of might {unknown}
 h - 3 potions of heal wounds
 k - a potion of lignification {unknown}
 n - a potion of magic {unknown}

Dungeon Overview and Level Annotations

Branches:
Dungeon (4/15)              Sewer (visited)
 Temple: D:4-7

Altars:


Message History

You see here a +0 trident.
There is an open door here.
Things that are here:
a +0 club; 2 boomerangs You open the door.
There is an open door here.
You open the door.
There is an open door here.
You open the door.
There is an open door here.
You open the door.
An ogre comes into view. It is wielding a +0 giant spiked club.
The ogre shouts!
Found 6 stones.
Enter note: You shoot a sling bullet.
The sling bullet hits the ogre.
The ogre is lightly wounded.
You shoot a sling bullet. The sling bullet hits the ogre!
You drain the ogre.
The ogre is heavily wounded.
You shoot a sling bullet. The sling bullet hits the ogre.
The ogre is severely wounded.
You shoot a sling bullet.
The sling bullet barely misses the ogre.
The ogre misses you.
You shoot a sling bullet.
The sling bullet barely misses the ogre.
The ogre hits you with a +0 giant spiked club!!
You shoot a sling bullet. The sling bullet hits the ogre.
The ogre is severely wounded.
The ogre barely misses you.
You shoot a sling bullet.
The sling bullet barely misses the ogre.
You shoot a sling bullet. The sling bullet hits the ogre.
The ogre is almost dead.
The ogre hits you with a +0 giant spiked club!!
3021 ||| READING scroll of teleportation.
As you read the scroll of teleportation, it crumbles to dust.
You feel strangely unstable.
The ogre hits you with a +0 giant spiked club!
You die...

#...## ##....#
#.....#
#.....#
#.....#
##'#### #
#....### ##..#
#......#(....#
#.....@O.....#
##'#####+#####
#......#
#......+
#......#
#......#
########


You could see an ogre (drained).

Vanquished Creatures
  Sigmund (D:2)
  A jelly (D:4)
  Jessica (D:3)
  A hell rat (Sewer)
  3 orc wizards (D:3)
  Robin (D:2)
  3 adders
  3 dart slugs
  14 orcs
  6 endoplasms
  8 giant cockroaches
  7 hobgoblins
  7 quokkas
  2 ball pythons
  3 bats
  5 frilled lizards
  21 goblins
  6 kobolds
  26 rats
119 creatures vanquished.

Notes
Turn   | Place    | Note
-------+----------+-------------------------------------------
     0 | D:1      | qw the Minotaur Hexslinger began the quest for the Orb.
     0 | D:1      | Reached XP level 1. HP: 16/16 MP: 1/1
     0 | D:1      | 0 ||| qw: Version: 0.3-a-46-gb1f654a
     0 | D:1      | 0 ||| qw: Game counter: 1061
     0 | D:1      | 0 ||| qw: Melee chars always use a shield: true
     0 | D:1      | 0 ||| qw: God list: Okawaru
     0 | D:1      | 0 ||| qw: Allow faded altars: false
     0 | D:1      | 0 ||| qw: Do Orc after clearing Dungeon:15 true
     0 | D:1      | 0 ||| qw: Do second Lair branch before Depths: true
     0 | D:1      | 0 ||| qw: Lair rune preference: random
     0 | D:1      | 0 ||| qw: Goals: Normal
     0 | D:1      | 0 ||| PLANNING D:1-11
   214 | D:1      | Reached skill level 3 in Ranged Weapons
   215 | D:1      | Reached XP level 2. HP: 23/23 MP: 2/2
   770 | D:1      | 770 ||| UPGRADING to +0 ring mail.
   780 | D:1      | 780 ||| DROPPING +0 robe.
   781 | D:1      | 781 ||| UPGRADING to amulet of guardian spirit.
   786 | D:1      | 786 ||| READING scroll labelled ROWO ARGHUADD.
   787 | D:1      | 787 ||| READING 2 scrolls labelled HEERAPP KUQACLUOMY.
   788 | D:1      | 788 ||| READING scroll labelled IBBUATIGYTT.
   789 | D:1      | 789 ||| DROPPING scroll of poison.
   803 | D:2      | Found a faded altar of an unknown god.
   938 | D:2      | 938 ||| SWAPPING to +1 sling of draining.
   939 | D:2      | 939 ||| DROPPING +1 sling.
   943 | D:2      | Noticed Sigmund
   949 | D:2      | HP: 2/24 [Sigmund/+0 scythe (7)]
   951 | D:2      | Killed Sigmund
   952 | D:2      | Reached skill level 6 in Ranged Weapons
   952 | D:2      | Reached XP level 3. HP: 3/29 MP: 0/3
   952 | D:2      | Reached XP level 4. HP: 4/36 MP: 0/4
   952 | D:2      | Reached XP level 5. HP: 5/41 MP: 0/5
   952 | D:2      | 952 ||| FLEEEEING.
   953 | D:2      | 953 ||| FLEEEEING.
   954 | D:2      | 954 ||| FLEEEEING.
   955 | D:2      | 955 ||| FLEEEEING.
   956 | D:2      | 956 ||| FLEEEEING.
   957 | D:2      | 957 ||| FLEEEEING.
   958 | D:2      | 958 ||| FLEEEEING.
   959 | D:2      | 959 ||| FLEEEEING.
   960 | D:2      | 960 ||| FLEEEEING.
   961 | D:2      | 961 ||| FLEEEEING.
   962 | D:2      | 962 ||| FLEEEEING.
   963 | D:2      | 963 ||| FLEEEEING.
   964 | D:2      | 964 ||| FLEEEEING.
   965 | D:2      | 965 ||| FLEEEEING.
   966 | D:2      | 966 ||| STAIRDANCE
  1089 | D:1      | 1089 ||| READING scroll labelled EDAEPA LEUDEI.
  1154 | D:1      | 1154 ||| READING scroll labelled IGUTZA PEPA.
  1157 | D:2      | 1157 ||| STAIRDANCE
  1238 | D:2      | Reached skill level 1 in Armour
  1326 | D:2      | Noticed Robin
  1338 | D:2      | Killed Robin
  1786 | D:2      | Reached skill level 3 in Fighting
  1887 | D:2      | 1887 ||| UPGRADING to +5 ring of evasion.
  1888 | D:2      | 1888 ||| READING scroll labelled XUIZXE LOFOOGEOGUM.
  1889 | D:2      | 1889 ||| READING 2 scrolls labelled ENIUT PUUS.
  1892 | D:2      | 1892 ||| READING 2 scrolls of identify.
  1892 | D:2      | 1892 ||| IDENTIFYING fuming amethyst potion
  1893 | D:2      | 1893 ||| DROPPING potion of degeneration.
  1961 | D:3      | 1961 ||| PLANNING SEWER
  2060 | D:3      | Identified the +0 robe of the Mantidfly {rF- Will+ Str+3}
  2208 | D:3      | Identified the +3 ring mail of Death Resistance {Int-5
                  | Dex+4}
  2250 | D:3      | Noticed Jessica
  2253 | D:3      | Killed Jessica
  2254 | D:3      | Reached XP level 6. HP: 52/52 MP: 6/6
  2261 | D:3      | 2261 ||| Stepping ~*~*~tactically~*~*~ (outnumbered).
  2624 | D:3      | Found a glowing drain.
  2632 | D:3      | 2632 ||| DROPPING +0 robe of the Mantidfly {rF- Will+
                  | Str+3}.
  2633 | D:3      | 2633 ||| UPGRADING to +3 ring mail of Death Resistance
                  | {Int-5 Dex+4}.
  2643 | D:3      | 2643 ||| DROPPING +0 ring mail.
  2644 | D:3      | 2644 ||| UPGRADING to ring of willpower.
  2645 | D:3      | 2645 ||| UPGRADING to ring of poison resistance.
  2647 | D:3      | 2647 ||| READING 3 scrolls of identify.
  2647 | D:3      | 2647 ||| IDENTIFYING amethyst potion
  2648 | D:3      | 2648 ||| READING 2 scrolls of identify.
  2648 | D:3      | 2648 ||| IDENTIFYING metallic dark potion
  2651 | D:3      | 2651 ||| Stepping ~*~*~tactically~*~*~ (water).
  2659 | Sewer    | Entered a sewer
  2688 | Sewer    | 2688 ||| Stepping ~*~*~tactically~*~*~ (water).
  2742 | Sewer    | 2742 ||| FLEEEEING.
  2791 | Sewer    | 2791 ||| READING 3 scrolls labelled TOXICR REPLA.
  2792 | Sewer    | 2792 ||| READING scroll labelled KAISTO QOTUUM.
  2793 | Sewer    | 2793 ||| DROPPING 2 scrolls of fog.
  2802 | D:3      | 2802 ||| PLANNING D:1-11
  2942 | D:4      | Reached skill level 7 in Ranged Weapons
  3020 | D:4      | HP: 12/52 [ogre/+0 giant spiked club (20)]
  3021 | D:4      | 3021 ||| READING scroll of teleportation.
  3021 | D:4      | Slain by an ogre

Levels and vault maps discovered:
D:1:      dpeg_arrival_rhombi, layout_loops_ring, serial_forest,
          infiniplex_forest_zigzag_1, infiniplex_forest_straight_2,
          infiniplex_forest_clump_cross, infiniplex_forest_end_2
D:2:      layout_loops_corners, hellmonk_ecumenical_altar_run_dry, uniq_sigmund,
          uniq_robin
D:3:      layout_basic, gup_sewer_entry_pipe, kennysheep_nub, st_stairs_3,
          minmay_rat_hole, uniq_jessica
D:4:      layout_gridville, uniq_crazy_yiuf_cottage

Skill      XL: |  1  2  3  4  5  6 |
---------------+-------------------+-----
Ranged Weapons | 3 6 7 |  7.2
Fighting       | 2 3 4 |  4.1
Armour         | 1 |  1.0
Dodging        | |  2.1
Spellcasting   | |  1.0
Hexes          | |  2.0

Action                     |  1- 3 |  4- 6 || total
---------------------------+-------+-------++-------
   Fire: Sling             |    62 |   249 ||   311
    Use: Scroll            |     3 |    10 ||    13
 Armour: Robe              |     1 |       ||     1
         Ring mail         |     1 |    38 ||    39
  Dodge: Dodged            |    17 |    94 ||   111

Table legend:
 A = Non-vault XP
 B = Vault XP
 C = Vault XP percentage of total XP
 D = Non-vault monster count
 E = Vault monster count
 F = Vault count percentage of total count
                 A         B        C        D         E       F
            +---------+---------+-------+---------+---------+-------
      Total |     315 |     374 |  54.3 |      69 |      50 |  42.0
            +---------+---------+-------+---------+---------+-------
        D:1 |      35 |       0 |   0.0 |      19 |       0 |   0.0
        D:2 |      33 |     260 |  88.7 |      12 |      13 |  52.0
        D:3 |     157 |      74 |  32.0 |      27 |      29 |  51.8
        D:4 |      90 |       0 |   0.0 |      11 |       0 |   0.0
      Sewer |       0 |      40 | 100.0 |       0 |       8 | 100.0
            +---------+---------+-------+---------+---------+-------
